 Dungeon Crawl Stone Soup version 0.23-a0-435-g79ed067 (webtiles) character file.

314 galech the Chopper (level 6, -6/48 HPs)
             Began as a Demonspawn Fighter on Nov 15, 2018.
             Mangled by a gnoll
             ... wielding a +4 halberd
              (12 damage)
             ... on level 3 of the Dungeon.
             The game lasted 00:03:52 (2551 turns).

galech the Chopper (Demonspawn Fighter)             Turns: 2551, Time: 00:03:53

Health: -6/48      AC: 13    Str: 17    XL:     6   Next: 19%
Magic:  6/6        EV:  5    Int:  9    God:
Gold:   173        SH:  9    Dex: 14    Spells: 5/5 levels left

rFire    . . .     SeeInvis .   a - +0 war axe
rCold    . . .     Gourm    .   c - +0 shield
rNeg     . . .     Faith    .   k - +0 chain mail
rPois    .         Spirit   .   d - +0 helmet
rElec    .         Reflect  .   (no cloak)
rCorr    .         Harm     .   (no gloves)
MR       .....                  l - +0 pair of boots
Stlth    ..........             (no amulet)
HPRegen  0.16/turn              (no ring)
MPRegen  0.10/turn              (no ring)

@: no status effects
A: icy blue scales 1
a: no special abilities


You were on level 3 of the Dungeon.
You were not hungry.

You visited 1 branch of the dungeon, and saw 3 of its levels.

You collected 173 gold pieces.

Inventory:

Hand Weapons
 a - a +0 war axe (weapon)
Armour
 c - a +0 shield (worn)
 d - a +0 helmet (worn)
 k - a +0 chain mail (worn)
 l - a +0 pair of boots (worn)
Jewellery
 m - an uncursed ring of ice
Scrolls
 b - 3 scrolls of remove curse {unknown}
 e - 2 scrolls of teleportation {unknown}
 h - a scroll of blinking {unknown}
 i - a scroll of magic mapping {unknown}
 j - 2 scrolls of fog {unknown}
 o - 3 scrolls of identify {unknown}
Potions
 g - 2 potions of heal wounds {unknown}
 n - a potion of brilliance {unknown}
 p - a potion of might
 r - a potion of resistance {unknown}
 s - a potion of lignification
Comestibles
 f - 6 rations
 q - 6 chunks of flesh


   Skills:
 + Level 3.9 Fighting
 + Level 4.1 Axes
 + Level 3.5 Armour
 + Level 1.1 Dodging
 + Level 0.1 Stealth
 + Level 3.6 Shields


You had 5 spell levels left.
You didn't know any spells.
Your spell library was empty.

Dungeon Overview and Level Annotations

Branches:
Dungeon (3/15)

Altars:
Elyvilon


Innate Abilities, Weirdness & Mutations

You are partially covered in icy blue scales. (AC +2)


Message History

You closely miss the gnoll.
The gnoll is lightly wounded.
You hit the orc wizard. You closely miss the orc. You block the orc's attack.
You block the orc wizard's attack. The gnoll hits you but does no damage.
The gnoll hits you from afar with a +4 halberd!
* * * LOW HITPOINT WARNING * * *
You slash the gnoll!
The gnoll is almost dead.
You hit the orc wizard. You barely miss the orc.
The orc wizard mumbles some strange words.
The orc wizard blinks!
The orc barely misses you. The gnoll hits you but does no damage.
The gnoll hits you from afar with a +4 halberd!
* * * LOW HITPOINT WARNING * * *
You hit the gnoll.
You kill the gnoll!
You closely miss the orc. You slash the orc!
You kill the orc!
The gnoll hits you from afar with a +4 halberd!
You die...

....# #..# #.###....# . #####
##..#####.# #.#.## . #
##.........###.#.# . #
##...)..###.......# . ##
##>......# #.##..### .
.####.........##.#...###########.
....'..............(.............
.####..........o))g..##########..
## ##.......###@##.## #.# #
##.....## #(#### #g# # ##^..##
#o# #g# # ##+## #....# #รท#
####.# #o# # ##.# #..o #..) #...


You could see an orc wizard, a gnoll and an orc.

Vanquished Creatures
  2 jellies (D:3)
  Natasha (thrice) (D:2)
  Robin (D:2)
  3 adders
  2 gnolls (D:3)
  10 oozes (D:3)
  3 worms
  An orc (D:3)
  4 bats
  A giant cockroach (D:3)
  21 goblins
  7 hobgoblins
  3 jackals (D:3)
  A frilled lizard (D:3)
  12 kobolds
  3 rats (D:3)
77 creatures vanquished.

Vanquished Creatures (others)
  5 fungi (D:3)
  7 toadstools (D:3)
12 creatures vanquished.

Grand Total: 89 creatures vanquished

Notes
Turn   | Place    | Note
-------+----------+-------------------------------------------
     0 | D:1      | galech the Demonspawn Fighter began the quest for the Orb.
     0 | D:1      | Reached XP level 1. HP: 18/18 MP: 1/1
   244 | D:1      | Gained mutation: You are partially covered in icy blue
                  | scales. (AC +2) [demonic ancestry]
   244 | D:1      | Reached XP level 2. HP: 21/24 MP: 2/2
   385 | D:1      | Reached skill level 2 in Axes
   756 | D:2      | Noticed Robin
   768 | D:2      | Reached XP level 3. HP: 26/29 MP: 3/3
   789 | D:2      | Killed Robin
   865 | D:2      | Found a white marble altar of Elyvilon.
   965 | D:2      | Noticed Natasha
   982 | D:2      | Killed Natasha
   982 | D:2      | Reached XP level 4. HP: 30/37 MP: 4/4
  1151 | D:2      | Noticed Natasha
  1167 | D:2      | Killed Natasha
  1344 | D:2      | Noticed Natasha
  1355 | D:2      | Killed Natasha
  1355 | D:2      | Reached skill level 3 in Axes
  1355 | D:2      | Reached skill level 1 in Dodging
  1355 | D:2      | Reached XP level 5. HP: 32/42 MP: 5/5
  2051 | D:3      | Reached XP level 6. HP: 45/48 MP: 6/6
  2211 | D:3      | Reached skill level 4 in Axes
  2551 | D:3      | Mangled by a gnoll

Vault maps used:
D:1:      minmay_arrival_semitransparent, serial_bayou_crossing
D:2:      elyvilon_altar_3, uniq_natasha, uniq_robin
D:3:      cheibrodos_fertilizer

Skill      XL: |  1  2  3  4  5  6 |
---------------+-------------------+-----
Axes           | 2 3 4 |  4.1
Shields        | 3 |  3.6
Armour         | 3 |  3.5
Dodging        | 1 |  1.1
Fighting       | |  3.9
Stealth        | |  0.1

Action                   |  1- 3 |  4- 6 || total
-------------------------+-------+-------++-------
Melee: War axe           |   112 |   142 ||   254
  Use: Potion            |     3 |       ||     3
  Eat: Chunk             |       |     6 ||     6
Armor: Scale mail        |    11 |       ||    11
       Chain mail        |    65 |    76 ||   141
       Skin              |    32 |       ||    32
Dodge: Dodged            |    21 |    28 ||    49
Block: Shield            |    77 |    83 ||   160

Table legend:
 A = Non-vault XP
 B = Vault XP
 C = Vault XP percentage of total XP
 D = Non-vault monster count
 E = Vault monster count
 F = Vault count percentage of total count
                 A         B        C        D         E       F
            +---------+---------+-------+---------+---------+-------
      Total |     216 |     233 |  51.9 |      45 |      32 |  41.6
            +---------+---------+-------+---------+---------+-------
        D:1 |      22 |       0 |   0.0 |      12 |       0 |   0.0
        D:2 |     112 |      68 |  37.8 |      11 |      12 |  52.2
        D:3 |      82 |     165 |  66.8 |      22 |      20 |  47.6
            +---------+---------+-------+---------+---------+-------
